Selects Airborne Battlegroup
Selects Heavy Machine Gun Paradrop
Heavy Machine Gun Paradrop
Heavy Machine Gun Paradrop
Heavy Machine Gun Paradrop
Selects Paratrooper Squad Paradrop
Heavy Machine Gun Paradrop
Paratrooper Squad Paradrop
Selects Anti-tank Gun Team Paradrop
Anti-tank Gun Team Paradrop
Heavy Machine Gun Paradrop
Construct Weapon Support Center
Mechanized Support Center
Heavy Machine Gun Paradrop
Heavy Machine Gun Paradrop
Anti-tank Gun Team Paradrop
Selects Paradrop Reinforcements
Construct Medical Station
Heavy Machine Gun Paradrop
Heavy Machine Gun Paradrop
Paratrooper Squad Paradrop
Selects Carpet Bombing Run
Heavy Machine Gun Paradrop
Paratrooper Squad Paradrop
Heavy Machine Gun Paradrop
Paratrooper Squad Paradrop
Anti-tank Gun Team Paradrop
Anti-tank Gun Team Paradrop